[Event "*** Titled Tuesday Blitz"]
[Site "Chess.com"]
[Date "2020.04.21"]
[Round "5"]
[White "petincash"]
[Black "The_Chess_Coach"]
[Result "1-0"]
[WhiteElo "2341"]
[BlackElo "2134"]
[TimeControl "180+1"]
[EndTime "10:57:30 PDT"]
[Termination "petincash won by resignation"]

1. e4 e5 2. Nf3 Nc6 3. Bb5 a6 4. Ba4 Nf6 5. O-O Be7 6. Bxc6 dxc6 7. d3 Nd7 8. Nbd2 c5 9. Nc4 f6 10. Ne3 Nf8 11. Nh4 g6 12. Nd5 Ne6 13. g3 f5 14.
Nxe7 Qxe7 15. exf5 gxf5 16. Qh5+ Qf7 17. Qxf7+ Kxf7 18.
Nxf5 Kf6 19. Ne3 c6 20. b3 Nd4 21. Bb2 Bh3 22. f4 Bxf1 23. Rxf1 exf4 24. Rxf4+ Ke5 25.
Nc4+ Ke6 26. Re4+ Kf6 27. Nd6 Rad8 28. Nxb7 Rde8 29. Nxc5 Rxe4 30. Nxe4+ Ke5 31. Ng5 h6 32. Nf7+ Kd5 33. c4+ Ke6 34. Nxh8 Nf3+ 35. Kf2 Ng5 36. h4 Nh7 37. Ng6 Nf6 38. Kf3 Nd7 39. Nf4+ Kf5 40.
d4 h5 41. Nxh5 Kg6 42. g4 Nf8 43. Nf4+ Kf7 44. d5 cxd5 45. cxd5 Nd7 46. h5 Nc5 47. g5 Kg8 48. g6 Nd7 49. d6 Nf8 50. Nd5 a5 51.
Kg4 a4 52. bxa4 Nd7 53. Nf6+ Nxf6+ 54. Bxf6 Kf8 55. d7 1-0

[Event "*** Titled Tuesday Blitz"]
[Site "Chess.com"]
[Date "2020.04.21"]
[Round "5"]
[White "Harut-1998"]
[Black "Dr-Bassem"]
[Result "1/2-1/2"]
[WhiteElo "2631"]
[BlackElo "2792"]
[TimeControl "180+1"]
[EndTime "10:57:31 PDT"]
[Termination "Game drawn by stalemate"]

1. d4 e6 2. c4 f5 3. Nf3 Nf6 4. g3 Be7 5. Bg2 O-O 6. O-O d6 7. Nc3 Qe8 8. Bg5 Ne4 9. Bxe7 Nxc3 10. bxc3 Qxe7 11. e3 Nc6 12. Nd2 e5 13. Rb1 e4 14.
f3 exf3 15. Qxf3 Rb8 16. e4 Bd7 17. Qd3 Qg5 18. exf5 Bxf5 19. Rxf5 Rxf5 20. Bxc6 Rbf8 21. Be4 Rf4 22. Bxh7+ Kh8 23. Qg6 Qxg6 24. Bxg6 Rf2 25.
Ne4 Rxa2 26. Rxb7 a5 27. Rxc7 a4 28. Nxd6 Re2 29. Ra7 Re6 30. Nf7+ Kg8 31. Bh7+ Kxh7 32. Ng5+ Kg6 33. Nxe6 Rf3 34. Nf4+ Kf5 35. Rxa4 g5 36. c5 gxf4 37. gxf4 Rxc3 38. Kf2 Kxf4 39. d5+ Ke5 40. d6 Rxc5 41. d7 Rd5 42. Ra7 Ke6 43. Kg3 Rxd7 44.
Rxd7 Kxd7 45. Kg4 Ke7 46. Kg5 Kf8 47. Kg6 Kg8 48. Kh6 Kh8 49. h4 Kg8 50. h5 Kh8 51.
Kg6 Kg8 52. h6 Kh8 53. Kh5 Kg8 54. Kg6 Kh8 55. h7 1/2-1/2

[Event "*** Titled Tuesday Blitz"]
[Site "Chess.com"]
[Date "2020.04.21"]
[Round "5"]
[White "karinachess1"]
[Black "Juanovic"]
[Result "1-0"]
[WhiteElo "2473"]
[BlackElo "2147"]
[TimeControl "180+1"]
[EndTime "10:57:31 PDT"]
[Termination "karinachess1 won by resignation"]

1. Nf3 d5 2. d4 Nf6 3. c4 c6 4. e3 Nbd7 5. Nbd2 g6 6. b3 Bg7 7. Bb2 O-O 8. Be2 a5 9. a4 dxc4 10. Nxc4 Nd5 11. O-O Nb4 12. e4 Nf6 13. Bd3 Bg4 14.
h3 Bxf3 15. Qxf3 e6 16. Rad1 Qc7 17. Rfe1 Rad8 18. Bb1 b5 19. Ne5 Nd7 20. Ng4 h5 21.
Ne3 bxa4 22. bxa4 c5 23. Qe2 cxd4 24. Bxd4 e5 25. Bb2 Nb6 26. Rc1 Qa7 27. Qb5 Rd2 28.
Bc3 Rdd8 29. Bxb4 axb4 30. a5 Nd7 31. Qxb4 Nf6 32. Red1 Rd4 33. Rxd4 exd4 34. Nc4 Ra8 35. Bd3 Nd7 36. Nb6 Rb8 37. Rb1 Ne5 38. Bf1 Nc6 39. Qd6 Nxa5 40. e5 Re8 41. Qxd4 Bxe5 42. Qa4 Nc6 43. Qxc6 Re6 44. Qc8+ Kg7 45. Nd7 Bd4 46.
Qf8+ Kh7 47. Qxf7+ Bg7 48. Nf8+ Kh6 49. Qxa7 1-0

[Event "*** Titled Tuesday Blitz"]
[Site "Chess.com"]
[Date "2020.04.21"]
[Round "5"]
[White "olomi007"]
[Black "Infernal_XaM"]
[Result "0-1"]
[WhiteElo "2658"]
[BlackElo "2937"]
[TimeControl "180+1"]
[EndTime "10:57:32 PDT"]
[Termination "Infernal_XaM won by resignation"]

1. e4 c6 2. d4 d5 3. Nc3 b5 4. a3 a6 5. h3 dxe4 6. Nxe4 Bf5 7. Bd3 e6 8. Nf3 Nd7 9. O-O Bg6 10. Re1 Ngf6 11.
Nxf6+ gxf6 12. Bf4 Nb6 13. Bg3 Bd6 14. Qe2 Bxg3 15. fxg3 Qd6 16. Kh2 Bxd3 17. Qxd3 Rg8 18. Nh4 O-O-O 19. c3 f5 20. a4 Kb7 21. axb5 axb5 22.
Ra5 Nc4 23. Ra2 Ra8 24. Rxa8 Kxa8 25. b3 Nb6 26. c4 c5 27. Qf3+ Kb8 28. dxc5 Qxc5 29.
cxb5 Nd5 30. Nxf5 exf5 31. Re5 Rd8 32. Rxf5 f6 33. b6 Qd4 34. Rh5 Rd7 35. Qf5 Ne3 36.
Qf4+ Qxf4 37. gxf4 Nf1+ 38. Kg1 Ng3 39. Rh6 Ne4 40. g4 Kb7 41. h4 Kxb6 42. g5 Kc5 43. Kg2 Kd4 44. Kf3 f5 45. Ra6 Rc7 46. h5 Rc3+ 47.
Ke2 Rc2+ 48. Kd1 Rh2 49. g6 hxg6 50. hxg6 Kd3 51. Kc1 Rc2+ 52. Kb1 Nd2+ 53. Ka1 Nxb3+ 54. Kb1 Rg2 55. Rd6+ Ke4 56. Rb6 Nd4 0-1

[Event "*** Titled Tuesday Blitz"]
[Site "Chess.com"]
[Date "2020.04.21"]
[Round "5"]
[White "AryanTari"]
[Black "artooon"]
[Result "0-1"]
[WhiteElo "2895"]
[BlackElo "2661"]
[TimeControl "180+1"]
[EndTime "10:57:32 PDT"]
[Termination "artooon won by resignation"]

1. c4 Nf6 2. Nc3 e6 3. Nf3 d5 4. e3 Nbd7 5. b3 b6 6. Bb2 Bb7 7. Be2 a6 8. Qc2 Bd6 9. g4 h6 10. Rg1 Ne4 11. d3 Ng5 12. h4 Nxf3+ 13. Bxf3 Ne5 14.
Bg2 Qxh4 15. O-O-O c6 16. Rh1 Qe7 17. g5 dxc4 18. dxc4 O-O-O 19. Ne4 Ba3 20. Qc3 Bxb2+ 21. Kxb2 f6 22. f4 Ng4 23. c5 bxc5 24. Nxc5 Nf2 25. Nxb7 Rxd1 26. Qxc6+ Qc7 27. Qxe6+ Kb8 28. Rxd1 Nxd1+ 29. Kb1 Nc3+ 30. Ka1 Nb5 31. Qc4 Qxc4 32. bxc4 Nc7 33. g6 h5 34. Nd6 h4 35. Nf7 h3 36.
Bh1 Rh4 37. Kb2 Rg4 38. f5 Rg1 39. Bc6 h2 40. c5 h1=Q 41. Bxh1 Rxh1 42. e4 Re1 43.
Nd6 Nb5 44. Kb3 Nxd6 45. cxd6 Rxe4 0-1

[Event "*** Titled Tuesday Blitz"]
[Site "Chess.com"]
[Date "2020.04.21"]
[Round "5"]
[White "Willychess95"]
[Black "sergeikim"]
[Result "0-1"]
[WhiteElo "2572"]
[BlackElo "2431"]
[TimeControl "180+1"]
[EndTime "10:57:32 PDT"]
[Termination "sergeikim won on time"]

1. e4 e5 2. Nf3 Nc6 3. Bc4 Bc5 4. b4 Bxb4 5. c3 Ba5 6. d4 d6 7. Qb3 Qd7 8. dxe5 dxe5 9. O-O Bb6 10. Rd1 Qe7 11.
Ba3 Qf6 12. Bb5 Ne7 13. Nbd2 O-O 14. h3 Re8 15. Bxe7 Qxe7 16. Nc4 Be6 17. Qc2 Bxc4 18. Bxc4 Rad8 19. Bb5 Qc5 20. a4 a6 21. Bxc6 bxc6 22. Rd2 Rd6 23. Rad1 Red8 24. Kh2 h6 25. Kg3 a5 26. Nh4 g6 27. Nf3 Kg7 28. Nh2 h5 29.
Nf3 R8d7 30. h4 f6 31. Kh2 Rxd2 32. Rxd2 Rd6 33. Kg3 Kf7 34. Qa2+ Kg7 35. Qc2 Kf7 36. Kh2 Kg7 37. Qc1 Rxd2 38. Qxd2 Qxf2 39. Qd7+ Kh6 40. Qxc6 Be3 41. Qc4 Bf4+ 42. Kh1 Qe3 0-1

[Event "*** Titled Tuesday Blitz"]
[Site "Chess.com"]
[Date "2020.04.21"]
[Round "5"]
[White "Vamostodorecto"]
[Black "andy_rekt"]
[Result "1-0"]
[WhiteElo "2490"]
[BlackElo "2266"]
[TimeControl "180+1"]
[EndTime "10:57:32 PDT"]
[Termination "Vamostodorecto won on time"]

1. d4 e6 2. c4 Nf6 3. Nc3 Bb4 4. Nf3 O-O 5. Bg5 h6 6. Bh4 g5 7. Bg3 c5 8. e3 Qa5 9. Qc2 Ne4 10. Rc1 Nxc3 11.
bxc3 Ba3 12. Rb1 cxd4 13. Nxd4 a6 14. h4 g4 15. f3 gxf3 16. gxf3 f5 17. Nb3 Qb6 18. c5 Bxc5 19. Be5 Bxe3 20. Qg2+ Kf7 21. Qg7+ Ke8 22. Qg6+ Kd8 23. Qg7 Re8 24. Qf6+ Re7 25. Qf8+ Re8 26. Bf6+ Kc7 27. Qxe8 Bf2+ 28. Kd1 Qe3 29.
Qd8+ Kc6 30. Qxc8+ Kd6 31. Qf8+ Kc7 32. Bd8+ Kc6 33. Nd4+ Kd5 34. Be2 Nc6 35. Nxc6 Kxc6 36. Qb4 Rxd8 37. Qxb7+ Kd6 38. Qxa6+ Ke7 39. Qd3 Qc5 40. Qc4 Qe5 41. Kc2 Rc8 42. Qd3 Bd4 43. Rb3 Qa5 44. Kb2 1-0

[Event "*** Titled Tuesday Blitz"]
[Site "Chess.com"]
[Date "2020.04.21"]
[Round "5"]
[White "secretsuperstar7"]
[Black "hellokostya"]
[Result "0-1"]
[WhiteElo "2196"]
[BlackElo "2480"]
[TimeControl "180+1"]
[EndTime "10:57:32 PDT"]
[Termination "hellokostya won on time"]

1. d4 Nf6 2. c4 g6 3. Nc3 Bg7 4. e4 d6 5. Nf3 O-O 6. Be2 Na6 7. h3 c6 8. O-O e5 9. Bg5 h6 10. Be3 Qe8 11. Qc2 exd4 12. Nxd4 Nc5 13. Bf3 a5 14. Bf4 Qe7 15. Qd2 Kh7 16. Rfe1 Nfd7 17. Rad1 Ne5 18. Be2 a4 19. Be3 Ne6 20.
f4 Nxd4 21. Bxd4 Rd8 22. fxe5 dxe5 23. Nd5 cxd5 24. Bb6 Re8 25. exd5 e4 26. Qe3 f5 27. d6 Qd7 28. Bd4 Rd8 29. c5 Qf7 30. Rf1 Be6 31. a3 Rac8 32. Kh2 Bxd4 33. Qxd4 Qg7 34. Qe3 Qe5+ 35.
Kh1 Qxc5 36. Qf4 Qc2 37. Rfe1 Qc6 38. Qe5 Qe8 39. Qf6 Qf7 40. Qe5 Rd7 41. Bb5 Rdd8 42. d7 Rc2 43. Rd6 Bb3 44. Rf6 Qg7 45. Qe6 Bxe6 46.
Rxe6 f4 47. Re8 Qf6 48. Rf1 f3 49. gxf3 Qh4 0-1

[Event "*** Titled Tuesday Blitz"]
[Site "Chess.com"]
[Date "2020.04.21"]
[Round "5"]
[White "RaunakSadhwani2005"]
[Black "lucasran"]
[Result "1/2-1/2"]
[WhiteElo "2773"]
[BlackElo "2618"]
[TimeControl "180+1"]
[EndTime "10:57:33 PDT"]
[Termination "Game drawn - insufficient material"]

1. e4 c6 2. Nf3 d5 3. d3 dxe4 4. dxe4 Qxd1+ 5. Kxd1 Bg4 6. Nd2 Nd7 7. Be2 e5 8. a4 f6 9. Ne1 Bxe2+ 10. Kxe2 Bc5 11. Nd3 O-O-O 12. Nc4 Kc7 13. f4 Bd6 14. fxe5 Nxe5 15. Nxd6 Kxd6 16. Bf4 b6 17. Nxe5 fxe5 18. Rhd1+ Ke7 19.
Rxd8 Kxd8 20. Bxe5 Nf6 21. Bxf6+ gxf6 22. Rd1+ Ke7 23.
Kf3 Rg8 24. g3 Rg5 25. b3 Rc5 26. c4 a5 27. Kf4 Re5 28. h4 h6 29. g4 Rc5 30.
Rd3 Re5 31. Rg3 b5 32. cxb5 cxb5 33. g5 hxg5+ 34. hxg5 bxa4 35. bxa4 Rc5 36. gxf6+ Kxf6 37. Rb3 Rc4 38. Rb6+ Ke7 39. Kf5 Rxa4 40. Rb7+ Kd8 41. e5 Rb4 42. Ra7 Rb6 43. e6 Rb1 44. Kf6 Rf1+ 45.
Kg7 Ke8 46. Rxa5 Ke7 47. Ra6 Rf2 48. Kg6 Rf1 49. Kg5 Rf2 50. Kg4 Rf1 51. Kg3 Rf6 52.
Kg4 Rxe6 53. Rxe6+ Kxe6 1/2-1/2

[Event "*** Titled Tuesday Blitz"]
[Site "Chess.com"]
[Date "2020.04.21"]
[Round "5"]
[White "IMRosen"]
[Black "konradrutkowski"]
[Result "1-0"]
[WhiteElo "2476"]
[BlackElo "2189"]
[TimeControl "180+1"]
[EndTime "10:57:33 PDT"]
[Termination "IMRosen won on time"]

1. d4 Nf6 2. Bf4 d6 3. Nc3 g6 4.
e4 Bg7 5. Qd2 O-O 6. O-O-O Nbd7 7. Bh6 c5 8. dxc5 Nxc5 9. Bxg7 Kxg7 10. e5 Ng4 11. f4 Be6 12. h3 Nh6 13. exd6 Nf5 14.
g4 Ng3 15. Qd4+ Kg8 16. Qxc5 exd6 17. Qe3 Nxh1 18. Qf3 Rc8 19. Qxh1 Rxc3 20. bxc3 Qa5 21. Qf3 Rc8 22. Ne2 Qxa2 23. Kd2 Bd5 24. Qe3 Bc6 25.
Nd4 Re8 26. Qf2 Bd5 27. Bd3 a6 28. Re1 Rc8 29. Qe3 b5 30. f5 Qa3 31. Bf1 b4 32. f6 bxc3+ 33. Ke2 Qc5 34. Kf2 Rf8 35. Rd1 Kh8 36.
Qh6 Rg8 37. Kg3 Bb7 38. Qe3 g5 39. Bd3 Qc7 40. Re1 d5+ 41. Kg2 Bc6 42. Qe7 Qb8 43. Qe5 Qb7 44. Qf5 Rg6 45. Re7 Qb8 46. Rxf7 1-0

[Event "*** Titled Tuesday Blitz"]
[Site "Chess.com"]
[Date "2020.04.21"]
[Round "5"]
[White "Olga_Zhuravleva"]
[Black "canary2016"]
[Result "1-0"]
[WhiteElo "2209"]
[BlackElo "1845"]
[TimeControl "180+1"]
[EndTime "10:57:33 PDT"]
[Termination "Olga_Zhuravleva won by resignation"]

1. e4 c6 2. Nc3 d5 3. Nf3 Bg4 4. h3 Bxf3 5. Qxf3 e6 6. a3 Nd7 7. d3 Ngf6 8. g3 Be7 9. Bg2 O-O 10.
O-O Qc7 11. Qe2 Rad8 12. f4 d4 13. Nb1 Nb6 14. Nd2 c5 15. Nf3 Rfe8 16. g4 Nfd7 17.
Qf2 Nb8 18. Kh1 c4 19. Nxd4 Bc5 20. Be3 Bxd4 21. Bxd4 cxd3 22. cxd3 Nc6 23. Bxb6 axb6 24. Rfd1 Nd4 25. Rac1 Qd6 26. e5 Qd7 27. Be4 Rc8 28.
Rc3 Rc5 29. Rdc1 Rec8 30. Kh2 R8c7 31. Qe3 Rxc3 32. Rxc3 Nb5 33. Rxc7 Qxc7 34. Qd2 Nd4 35. Qc3 Qxc3 36. bxc3 Nc6 37. Bxc6 bxc6 38. d4 Kf8 39. Kg3 Ke7 40. Kf3 Kd7 41. Ke4 Kc7 42. c4 Kd7 43. f5 Ke7 44. a4 Kd7 45. d5 cxd5+ 46.
cxd5 exd5+ 47. Kxd5 h6 48. h4 g6 49. e6+ fxe6+ 50.
fxe6+ Ke7 51. Ke5 h5 52. g5 Ke8 53. Kf6 Kf8 54. Kxg6 Ke7 55. Kxh5 Kxe6 56. Kg4 1-0

[Event "*** Titled Tuesday Blitz"]
[Site "Chess.com"]
[Date "2020.04.21"]
[Round "5"]
[White "1g41-0"]
[Black "wannabe2700"]
[Result "0-1"]
[WhiteElo "2440"]
[BlackElo "2668"]
[TimeControl "180+1"]
[EndTime "10:57:34 PDT"]
[Termination "wannabe2700 won by resignation"]

1. e4 e6 2. d4 d5 3. Nc3 Bb4 4.
e5 c5 5. a3 Ba5 6. b4 cxd4 7.
Nb5 Bc7 8. f4 Bd7 9. Nxd4 Ne7 10. Ngf3 Nbc6 11. Bd3 Bb6 12. Bb2 Nxd4 13. Nxd4 Nc6 14.
Nf3 h6 15. Kf1 g5 16. f5 g4 17. Ne1 Qg5 18. g3 h5 19. Ng2 h4 20. gxh4 Rxh4 21.
Nxh4 Qxh4 22. Qe2 exf5 23. Bc3 O-O-O 24. Be1 Qg5 25. c3 Re8 26. h4 Qf4+ 27. Kg2 Rxe5 28. Qf1 Qh6 29. Bg3 Qd2+ 30. Bf2 Bxf2 31. Qxf2 Qxd3 32.
Rad1 Qe4+ 33. Kg3 Qc4 34. h5 Qxc3+ 35. Kg2 f4 36. h6 g3 37. Qd2 Qc4 38. h7 Qe4+ 39.
Kg1 f3 40. h8=Q+ Kc7 41. Qh4 f2+ 42. Kf1 g2+ 43. Kxf2 gxh1=Q 44. Qxh1 Rf5+ 45. Kg1 Qe6 46. Qhg2 Qf6 47. Qg3+ Kc8 48. Qdg2 Ne5 49. Qg8+ Kc7 50. Rc1+ Bc6 51. Qxd5 Rg5+ 52. Qxg5 Qxg5+ 53. Kf1 Qf4+ 54. Ke1 Qxc1+ 55. Kf2 Bxd5 0-1

[Event "*** Titled Tuesday Blitz"]
[Site "Chess.com"]
[Date "2020.04.21"]
[Round "5"]
[White "wnstop"]
[Black "chess4life23"]
[Result "1-0"]
[WhiteElo "2595"]
[BlackElo "2415"]
[TimeControl "180+1"]
[EndTime "10:57:34 PDT"]
[Termination "wnstop won on time"]

1. e4 c6 2. d4 d5 3. Nc3 dxe4 4. Nxe4 Nd7 5. Nf3 Ngf6 6. Nxf6+ Nxf6 7. c3 Bf5 8. Ne5 e6 9. g4 Qd5 10. Rg1 Bg6 11.
h4 Nd7 12. Bg2 Qb5 13. a4 Qa6 14. Nxd7 Kxd7 15. h5 Bd3 16. Qf3 Ke8 17. Bf4 Bc4 18.
Qe3 Qb6 19. Qd2 a5 20. Be5 Qd8 21. h6 f6 22. Bg3 gxh6 23. O-O-O Kf7 24. Rge1 Bg7 25.
f4 Re8 26. Be4 b5 27. Bc2 Ra7 28. b4 axb4 29. cxb4 bxa4 30. Kb2 a3+ 31. Ka1 a2 32. Qc3 Bd5 33. g5 hxg5 34. fxg5 f5 35. Be5 Bxe5 36. dxe5 Qxg5 37. Rg1 Qh5 38. Qg3 Ke7 39. Qg7+ Qf7 40. Qg5+ Kd7 41. b5 cxb5 42. Bb3 Kc6 43.
Bxd5+ exd5 44. Rc1+ Kb6 45. Qe3+ Kb7 46. Rc5 Ra5 47.
Rgc1 Re7 48. Qd4 1-0

[Event "*** Titled Tuesday Blitz"]
[Site "Chess.com"]
[Date "2020.04.21"]
[Round "5"]
[White "FranciscodelaF"]
[Black "nocnypako"]
[Result "1-0"]
[WhiteElo "2431"]
[BlackElo "2572"]
[TimeControl "180+1"]
[EndTime "10:57:34 PDT"]
[Termination "FranciscodelaF won on time"]

1. c4 Nf6 2. Nf3 g6 3. g3 Bg7 4. Bg2 c6 5. O-O d5 6. d4 O-O 7. a4 Ne4 8. Na3 Na6 9. cxd5 cxd5 10. Bf4 Bd7 11. Qb3 Bc6 12. Nb5 Qb6 13. Rfd1 Rfc8 14. Ne5 Bxe5 15. Bxe5 Nc7 16. Qa3 Bxb5 17. axb5 Re8 18.
Qe3 Nxb5 19. Bxe4 dxe4 20. Qxe4 Nd6 21. Qd3 a6 22. Bf4 Qb5 23. Bxd6 Qxd3 24. Rxd3 exd6 25.
Kf1 Rac8 26. Ke1 Rc2 27. Rd2 Rc4 28. Kd1 Rec8 29. e3 Kf8 30. b3 Rc3 31. Rb1 Ke7 32.
Rbb2 Ke6 33. Rdc2 Kd5 34. Rxc3 Rxc3 35. Kd2 Rc6 36. Kd3 f5 37. f3 Rc1 38. e4+ Ke6 39.
Rc2 Rf1 40. Ke3 Rb1 41. Rc3 fxe4 42. fxe4 d5 43. e5 a5 44. Kd3 Rb2 45. h4 b6 46.
Rc6+ Kf5 47. Rf6+ Kg4 48. e6 Rb1 49. Rf2 Rd1+ 50. Ke3 Rc1 51. e7 1-0

[Event "*** Titled Tuesday Blitz"]
[Site "Chess.com"]
[Date "2020.04.21"]
[Round "5"]
[White "INLOVEWITHF"]
[Black "powermove"]
[Result "1-0"]
[WhiteElo "2514"]
[BlackElo "1599"]
[TimeControl "180+1"]
[EndTime "10:57:34 PDT"]
[Termination "INLOVEWITHF won on time"]

1. e4 e5 2. Nf3 Nc6 3. Bc4 Nf6 4. d3 Bc5 5. c3 d6 6. a4 a6 7. O-O Ba7 8. Re1 O-O 9. Na3 Be6 10. h3 Qe7 11.
Bg5 h6 12. Bh4 Nd8 13. d4 Bxc4 14. Nxc4 Nc6 15. Ne3 exd4 16. Nf5 Qe6 17. N3xd4 Nxd4 18. cxd4 d5 19. Bxf6 Qxf6 20. Qg4 dxe4 21. Rxe4 Rad8 22. Rae1 Kh7 23. Rf4 Qg6 24. Re7 Qxg4 25. Rxg4 g6 26. Nh4 Rd6 27. Rxc7 Bxd4 28. Nxg6 Rxg6 29. Rxd4 Rb6 30.
b4 a5 31. bxa5 Ra6 32. Rxb7 Rxa5 33. Rb5 Ra6 34. Rb7 Kg7 35. Rg4+ Kh7 36. Rf4 Kg7 37. g3 Rf6 38. Rxf6 Kxf6 39. Rb6+ Ke5 40. Rxh6 Ra8 41. a5 Rxa5 42. Rh5+ f5 43. g4 Ke6 44. Rxf5 Ra1+ 45.
Kg2 1-0

[Event "*** Titled Tuesday Blitz"]
[Site "Chess.com"]
[Date "2020.04.21"]
[Round "5"]
[White "viditchess"]
[Black "Yaacovn"]
[Result "1-0"]
[WhiteElo "2969"]
[BlackElo "2821"]
[TimeControl "180+1"]
[EndTime "10:57:35 PDT"]
[Termination "viditchess won by resignation"]

1. d4 Nf6 2. c4 e5 3. dxe5 Ne4 4.
Nd2 Bb4 5. a3 Nxd2 6. Bxd2 Bxd2+ 7. Qxd2 Nc6 8. Nf3 O-O 9. Qc3 Qe7 10. Rd1 Re8 11. Rd5 b6 12. e3 Bb7 13. Be2 Rad8 14.
O-O Nb8 15. Rd2 Bxf3 16. Bxf3 Qxe5 17. Qxe5 Rxe5 18. b4 a5 19. Rc1 axb4 20. axb4 Na6 21. Rb1 c5 22. bxc5 bxc5 23. Rb7 Re7 24. Rd6 Nb4 25. Rc7 Re5 26. Rdxd7 Rf8 27. Bd5 Rf5 28. Rxc5 Rxf2 29. Kxf2 Nd3+ 30. Kg3 Nxc5 31. Rc7 Na6 32.
Ra7 Nc5 33. Kf4 g6 34. Ke5 Rd8 35. Bxf7+ Kf8 36. Bd5 Nd3+ 37. Kd4 Nb4 38. Rxh7 Nc2+ 39. Ke5 Nxe3 40. Rh8+ Ke7 41. Rxd8 Kxd8 42. Kf4 Nf1 43.
h3 Ke7 44. Kg5 Ne3 45. Kxg6 Kf8 46. h4 Ng4 47. h5 Ne5+ 48. Kf5 Nd3 49. g4 Kg7 50. g5 Nc5 51. h6+ Kh7 52. Kg4 Kg6 53. Kh4 Kh7 54. Kh5 Nd7 55. g6+ 1-0

[Event "*** Titled Tuesday Blitz"]
[Site "Chess.com"]
[Date "2020.04.21"]
[Round "5"]
[White "MartinCerveny"]
[Black "chito89"]
[Result "0-1"]
[WhiteElo "2605"]
[BlackElo "2765"]
[TimeControl "180+1"]
[EndTime "10:57:35 PDT"]
[Termination "chito89 won by resignation"]

1. d4 Nf6 2. c4 e6 3. Nf3 Bb4+ 4. Bd2 a5 5. e3 b6 6. Bd3 Bb7 7. O-O O-O 8. Re1 d5 9. cxd5 exd5 10. Ne5 Nbd7 11. f4 c5 12. a3 Bxd2 13. Nxd2 c4 14.
Bc2 b5 15. Qf3 b4 16. Qh3 g6 17. axb4 axb4 18. Rxa8 Bxa8 19. Ra1 b3 20. Bd1 Bb7 21. Bf3 Qc7 22. Nb1 Bc8 23. Qg3 Nb6 24. Nc3 Bf5 25.
h3 Be4 26. Be2 Bf5 27. Bf3 Kg7 28. Kh2 Be4 29. Be2 Ra8 30. Rxa8 Nxa8 31. Qe1 Qa5 32. g4 Nb6 33. g5 Nfd7 34. Qf2 Bf5 35. Bg4 Bxg4 36.
hxg4 Nxe5 37. fxe5 Nd7 38. e4 dxe4 39. d5 Qb6 40.
Qf4 Qd4 41. e6 fxe6 42. dxe6 Qe5 43. Kg3 Qxf4+ 44. Kxf4 Nc5 45. Ke5 e3 46. Kd5 Na4 47. Kd6 Nxc3 48. e7 Ne4+ 49. Kd7 Nc5+ 50. Kd6 Nb7+ 51. Kc7 Kf7 52. Kd7 Nd6 53. Kxd6 Ke8 54. Ke5 e2 55. Kf6 e1=Q 56. Kg7 Qxe7+ 0-1

[Event "*** Titled Tuesday Blitz"]
[Site "Chess.com"]
[Date "2020.04.21"]
[Round "5"]
[White "Fh2411"]
[Black "gahryman"]
[Result "1-0"]
[WhiteElo "2472"]
[BlackElo "2665"]
[TimeControl "180+1"]
[EndTime "10:57:35 PDT"]
[Termination "Fh2411 won on time"]

1. d4 Nf6 2. Nf3 g6 3. Bf4 Bg7 4. e3 O-O 5. Be2 d6 6. O-O c5 7. c3 Be6 8. dxc5 dxc5 9. Nbd2 Nc6 10. e4 Ng4 11. h3 Nge5 12. Qc2 Qc7 13. Kh1 Rad8 14.
Rfd1 h6 15. Bc4 Qc8 16. Bf1 c4 17. Nxe5 Nxe5 18. Bxe5 Bxe5 19. Nf3 Bb8 20. Rd2 Qc7 21. Rad1 Rxd2 22. Qxd2 b5 23. Qxh6 Qf4 24. Qxf4 Bxf4 25.
Nd4 Rd8 26. Be2 a6 27. g3 Be5 28. Kg2 Bd7 29. Nc6 Bxc6 30. Rxd8+ Kg7 31. f3 f5 32.
exf5 gxf5 33. h4 Bf6 34. Rb8 e5 35. Rb6 Bd5 36. Rxa6 e4 37. Rb6 f4 38. Rxb5 Bc6 39. Rb6 Bd5 40. gxf4 Bxh4 41. Rd6 Ba8 42. Rd4 e3 43. Rxc4 Bf2 44. Rc8 Bd5 45. c4 Be6 46. Rc7+ Kf6 47. a4 Kf5 48. a5 Kxf4 49. a6 1-0

[Event "*** Titled Tuesday Blitz"]
[Site "Chess.com"]
[Date "2020.04.21"]
[Round "5"]
[White "Gabrielian_Artur"]
[Black "FLamps8"]
[Result "0-1"]
[WhiteElo "2702"]
[BlackElo "2537"]
[TimeControl "180+1"]
[EndTime "10:57:37 PDT"]
[Termination "FLamps8 won by resignation"]

1. e4 c6 2. d4 d5 3. Nd2 dxe4 4. Nxe4 Bf5 5. Ng3 Bg6 6. c3 e6 7. Nh3 Bd6 8. Nf4 Qc7 9. Qf3 Nd7 10. h4 e5 11. h5 exf4 12. hxg6 fxg6 13. Ne4 O-O-O 14. Nxd6+ Qxd6 15. Bxf4 Re8+ 16. Kd2 Qf6 17. Bd3 Ne7 18. Rae1 g5 19. Bg3 Qxf3 20. gxf3 h6 21. f4 gxf4 22.
Bxf4 Rhf8 23. Bg3 Nd5 24. Rxe8+ Rxe8 25. c4 N5f6 26. f3 c5 27. dxc5 Nxc5 28. Bf5+ Kd8 29. Rd1 Ne6 30. Kc3+ Ke7 31. b4 Ng5 32. Rd3 Kf7 33.
Bd6 g6 34. f4 gxf5 35. fxg5 Ne4+ 36. Kb3 hxg5 37. Bh2 g4 38. c5 Rh8 39. Be5 Rh3 40.
Rxh3 gxh3 41. Kc4 Ke6 42. Bf4 Ng5 43. Kd3 Nf3 44. b5 h2 45. Bxh2 Nxh2 46. a4 Kd5 0-1

[Event "*** Titled Tuesday Blitz"]
[Site "Chess.com"]
[Date "2020.04.21"]
[Round "5"]
[White "hitaman"]
[Black "dragos420"]
[Result "0-1"]
[WhiteElo "2675"]
[BlackElo "2520"]
[TimeControl "180+1"]
[EndTime "10:57:37 PDT"]
[Termination "dragos420 won by resignation"]

1. e4 e5 2. Nf3 Nc6 3. Bc4 Nf6 4. Ng5 d5 5. exd5 Na5 6. Bb5+ c6 7. dxc6 bxc6 8.
Bd3 h6 9. Ne4 Nd5 10. Ng3 Be7 11. O-O O-O 12. Bf5 c5 13. Bxc8 Rxc8 14. Nc3 Nc6 15. d3 Nd4 16. Nxd5 Qxd5 17. c3 Ne6 18. Qe2 Rfd8 19. Nf5 Bf8 20. Qg4 Kh7 21. Rd1 g6 22. Ne3 Qd7 23. g3 Bg7 24. Qe2 f5 25. Re1 Qxd3 26.
Qxd3 Rxd3 27. Nc4 e4 28. Be3 Ng5 29. Red1 Nf3+ 30. Kg2 Rcd8 31. Rxd3 Rxd3 32. Bxc5 a6 33. Be3 g5 34. h3 h5 35. Kf1 Kg6 36. Ke2 Bf6 37.
Rd1 Rxd1 38. Kxd1 Ng1 39. Bd4 Nxh3 40. Ke1 Bxd4 41. cxd4 h4 42. b4 e3 43. Nxe3 f4 44.
gxf4 gxf4 45. Ng2 Kh5 46. d5 f3 47. Ne3 Nf4 48. d6 h3 49. Nf1 Kg6 50. d7 Ne6 51. a4 Kf7 52. b5 axb5 53. axb5 Ke7 54. Nh2 Ng5 55. Nxf3 Nxf3+ 56. Kf1 Kxd7 0-1

[Event "*** Titled Tuesday Blitz"]
[Site "Chess.com"]
[Date "2020.04.21"]
[Round "5"]
[White "AshotParvanyan"]
[Black "KrakenBeast"]
[Result "1-0"]
[WhiteElo "2515"]
[BlackElo "2358"]
[TimeControl "180+1"]
[EndTime "10:57:37 PDT"]
[Termination "AshotParvanyan won by checkmate"]

1. Nf3 c5 2. e4 d6 3. d4 cxd4 4. Nxd4 Nf6 5. Nc3 a6 6. Be3 e5 7. Nf3 Be7 8. Bc4 O-O 9. O-O Nbd7 10. Qe2 b5 11. Bb3 Bb7 12. Nd2 Rc8 13. a4 b4 14. Nd5 Nxd5 15. exd5 a5 16. Rad1 f5 17. f4 e4 18. Bc4 Nb6 19. Bxb6 Qxb6+ 20. Kh1 Bf6 21.
b3 Kh8 22. Rfe1 Bc3 23. Qe3 Qxe3 24. Rxe3 Rc5 25. Nf1 g6 26. Re2 Kg7 27. Ne3 h5 28.
g3 Bf6 29. Kg2 Kf7 30. Kf1 Bc8 31. Rg2 Bd7 32. Ke2 Rfc8 33. h3 Bxa4 34. bxa4 Rxc4 35. Nxc4 Rxc4 36. Rd2 Bc3 37. Rd1 Bb2 38. Kf1 e3 39. Re2 Bd4 40. Kg2 Bc5 41. Rd3 h4 42. Kf3 hxg3 43.
Kxg3 Kf6 44. h4 Re4 45. Kf3 Re8 46. Rd1 Re4 47. Rg1 Kf7 48. Reg2 e2 49. Re1 Rd4 50. Rgxe2 Rxd5 51. Re7+ Kg8 52. Re8+ Kg7 53. R1e7+ Kh6 54. Rh8# 1-0

[Event "*** Titled Tuesday Blitz"]
[Site "Chess.com"]
[Date "2020.04.21"]
[Round "5"]
[White "ljuks68"]
[Black "vpsetter"]
[Result "0-1"]
[WhiteElo "2343"]
[BlackElo "2597"]
[TimeControl "180+1"]
[EndTime "10:57:38 PDT"]
[Termination "vpsetter won by resignation"]

1. e4 e5 2. Nf3 Nc6 3. Bb5 Nf6 4.
Qe2 d6 5. c3 Bd7 6. O-O a6 7.
Ba4 Be7 8. d4 Kf8 9. Bb3 h6 10.
Rd1 Qc8 11. Nbd2 b5 12. Nf1 g6 13. a4 Rb8 14. a5 Kg7 15. d5 Nd8 16. c4 c5 17. h3 Nh7 18. g4 f5 19. gxf5 gxf5 20.
exf5 Bxf5 21. Ng3 Bg6 22. Kh2 Nf7 23. Rg1 Nhg5 24. Nxg5 hxg5 25. Rg2 Qxh3+ 26. Kg1 Rh4 27. f3 g4 28. f4 exf4 29. Bxf4 Bf6 30. Kf2 bxc4 31.
Rh1 Bd4+ 32. Be3 Bxe3+ 33. Qxe3 Rxb3 34. Qe2 Rf3+ 35. Kg1 Rxg3 36. Rxh3 Rhxh3 37. Rxg3 Rxg3+ 38. Kh2 Rh3+ 39. Kg2 Ne5 40. Qd2 Be4+ 41. Kf1 Rh1+ 42. Ke2 Rh2+ 43. Ke3 Rxd2 0-1